[Event "Late-Titled-Tuesday-Blitz-September-26-2023"]
[Site "Chess.com"]
[Date "2023.09.26"]
[Round "7"]
[White "ejalmedina"]
[Black "Smiechu"]
[Result "0-1"]
[WhiteElo "2336"]
[BlackElo "2539"]
[TimeControl "180+1"]
[EndTime "15:15:04 PDT"]
[Termination "Smiechu won on time"]

1. d4 Nf6 2. c4 c5 3. d5 e6 4. Nc3 exd5 5. cxd5 d6 6. e4 g6 7. h3 Bg7 8. Nf3 O-O 9. Bd3 b5 10. Nxb5 Re8 11. Nd2 Nxe4 12. Bxe4 f5 13. O-O fxe4 14. Nc4 Ba6 15. Ncxd6 Be5 16. Nxe8 Bxb5 17. Qb3 Bxe8 18.
d6+ Bf7 19. Qb7 Nd7 20. Rd1 Bd4 21. Qxe4 Nf6 22. Qh4 Qxd6 23. Bg5 Rd8 24. Rxd4 Qxd4 25. Qxd4 cxd4 26. Bxf6 Rd6 27. Be5 Rd5 28. f4 d3 29.
Kf2 Rd7 30. b3 a5 31. Ke3 h5 32. Rd1 g5 33. Rxd3 gxf4+ 34. Bxf4 Re7+ 35. Kd4 Bg6 36. Re3 Rd7+ 37. Kc5 Kf7 38. Be5 Rd2 39. Bc3 Rxa2 40.
g4 h4 41. Be1 Rc2+ 42. Kb5 Rb2 43. Kxa5 Bc2 44. Kb4 Rb1 45. Bxh4 Kg6 46. Be7 Rh1 47.
h4 Bd1 48. h5+ Kf7 49. h6 Bxg4 50. Bg5 Rh5 51. Bf4 Rh4 0-1

[Event "Late-Titled-Tuesday-Blitz-September-26-2023"]
[Site "Chess.com"]
[Date "2023.09.26"]
[Round "7"]
[White "MeisterJabo"]
[Black "KamlaPasand"]
[Result "0-1"]
[WhiteElo "2313"]
[BlackElo "2440"]
[TimeControl "180+1"]
[EndTime "15:15:04 PDT"]
[Termination "KamlaPasand won on time"]

1. e4 e5 2. Nf3 Nc6 3. Bc4 Bc5 4. c3 Nf6 5. d4 exd4 6. cxd4 Bb4+ 7. Nc3 Nxe4 8. O-O Bxc3 9. d5 Bf6 10. Re1 Ne7 11.
Rxe4 d6 12. Bg5 Bxg5 13. Nxg5 O-O 14. Nxh7 Kxh7 15. Rh4+ Kg8 16. Qh5 f5 17. Re1 Ng6 18. Qh7+ Kf7 19. Rh6 Qf6 20. Re7+ Nxe7 21. Rxf6+ Kxf6 22. h4 Bd7 23. Qh5 g6 24. Qg5+ Kf7 25. h5 Rg8 26. g3 Rh8 27. hxg6+ Nxg6 28. Bd3 Ne7 29. Qc1 Nxd5 30. Bc4 Be6 31. Bxd5 Bxd5 32. Qxc7+ Ke6 33. f3 Rac8 34. Qg7 Rc1+ 35. Kf2 Rc2+ 36. Ke3 Re8 37. Kd3 Rcc8 38. Qg6+ Kd7 39. Qxf5+ Be6 40. Qb5+ Kc7 41. Qb4 Kb8 42. Qxd6+ Ka8 43. Qb4 Rcd8+ 44. Ke3 Bxa2+ 45. Kf2 Bd5 46. f4 Bc6 47. g4 Re4 48. Qa5 Rxf4+ 49. Kg3 Rf3+ 50. Kh4 Rh8+ 51. Kg5 Rg8+ 52. Kh4 Rf4 53. Kh5 Rfxg4 54. Qe5 Rg1 0-1

[Event "Late-Titled-Tuesday-Blitz-September-26-2023"]
[Site "Chess.com"]
[Date "2023.09.26"]
[Round "7"]
[White "scandalgod"]
[Black "YellowJacek"]
[Result "1-0"]
[WhiteElo "2492"]
[BlackElo "2318"]
[TimeControl "180+1"]
[EndTime "15:15:06 PDT"]
[Termination "scandalgod won on time"]

1. d4 Nf6 2. c4 g6 3. Nc3 d5 4. Bg5 Bg7 5. Nf3 Ne4 6. Bh4 Nxc3 7. bxc3 c5 8. e3 Qa5 9. Qd2 Be6 10. cxd5 Bxd5 11. Be2 Nc6 12. O-O O-O 13. Rfd1 Rac8 14.
h3 Rfd8 15. Qb2 b6 16. a4 h6 17. Qb5 g5 18. Bg3 Qxc3 19. Rac1 Qa5 20. dxc5 bxc5 21.
Rxc5 Qxb5 22. axb5 Nb4 23. Rxc8 Rxc8 24. Nd4 e6 25. Ra1 Ra8 26. Ra4 Bf8 27. h4 Bc5 28.
hxg5 hxg5 29. Be5 Rc8 30. Bf3 Bxf3 31. gxf3 Kh7 32. Kg2 Kg6 33. Bg3 Nd3 34. Nc6 Ra8 35. Rc4 Bb6 36. Rc3 Nc5 37. Bd6 Nb7 38. Bb4 a5 39. bxa6 Rxa6 40. Ne5+ Kf5 41. Nc4 Bd8 42. Rb3 Na5 43. e4+ Kg6 44. Bxa5 Bxa5 45. Ne5+ Kg7 46. Nc4 Bd8 47. Rb8 Bf6 48. Rb7 Ra8 49. e5 Bd8 50. Nd6 1-0

[Event "Late-Titled-Tuesday-Blitz-September-26-2023"]
[Site "Chess.com"]
[Date "2023.09.26"]
[Round "7"]
[White "Balla_Tamas"]
[Black "aNaartjieZA"]
[Result "0-1"]
[WhiteElo "2427"]
[BlackElo "2611"]
[TimeControl "180+1"]
[EndTime "15:15:07 PDT"]
[Termination "aNaartjieZA won by checkmate"]

1. e4 e6 2. d4 d5 3. Nd2 Nf6 4. e5 Nfd7 5. Bd3 c5 6. c3 Nc6 7. Ne2 cxd4 8. cxd4 f6 9. exf6 Nxf6 10. Nf3 Bd6 11.
O-O O-O 12. Bg5 Qc7 13. h3 Bd7 14. Rc1 Be8 15. Qc2 h6 16. Bh4 Bh5 17. Nd2 Qb6 18. Nb3 Bxe2 19. Qxe2 Rae8 20. Bg6 Nxd4 21. Nxd4 Qxd4 22.
Bxf6 Qxf6 23. Bxe8 Rxe8 24. Rfe1 Qf4 25. g3 Qf6 26.
Rc3 b6 27. Qb5 Rf8 28. Qe2 Kh8 29. Rc6 Bc5 30. Rf1 Re8 31. a3 a5 32. b4 axb4 33.
axb4 Bxb4 34. Rxb6 Bc5 35. Rc6 Bd4 36. Qh5 Rf8 37.
Qe2 Qg5 38. Kg2 e5 39. Rd6 e4 40. h4 Qe5 41. Rd7 Bb6 42. Qg4 d4 43. Rb7 Bc7 44. Qd7 Bd6 45. Rd1 e3 46. Rxd4 Qxd4 47. Rb6 Rxf2+ 48.
Kh3 Rf6 49. Qe8+ Kh7 50. Qd7 Qe5 51. Qg4 h5 52. Qe2 Qxg3# 0-1

[Event "Late-Titled-Tuesday-Blitz-September-26-2023"]
[Site "Chess.com"]
[Date "2023.09.26"]
[Round "7"]
[White "Gyulamiryan-koryun"]
[Black "jinxy2009"]
[Result "0-1"]
[WhiteElo "2012"]
[BlackElo "2286"]
[TimeControl "180+1"]
[EndTime "15:15:07 PDT"]
[Termination "jinxy2009 won on time"]

1. e4 c5 2. Nf3 Nc6 3. d4 cxd4 4. Nxd4 Nf6 5. Nc3 e5 6. Ndb5 d6 7. Bg5 a6 8. Na3 b5 9. Bxf6 gxf6 10. Nd5 f5 11. c4 fxe4 12. cxb5 Nd4 13. b6 Be6 14.
Nc7+ Kd7 15. Qa4+ Ke7 16. Nxa8 Qxa8 17. Qxa6 Qc6 18. b7 Qxa6 19. Bxa6 Bh6 20. O-O Rb8 21. b3 Bd5 22. Nc4 Bxb7 23. Bxb7 Rxb7 24. Rae1 f5 25. Rb1 Ke6 26. b4 d5 27. Na5 Rb8 28.
a4 Ne2+ 29. Kh1 Nc3 30. Nc6 Rc8 31. b5 Nxb1 32. Rxb1 Kd6 33. a5 e3 34. fxe3 Bxe3 35. g3 d4 36. Kg2 e4 37. Rd1 d3 38. a6 Bb6 39. Kf1 f4 40. gxf4 Rf8 41. Ke1 Rxf4 42.
Kd2 Rf8 43. a7 Ra8 44. Ra1 Bc5 0-1

[Event "Late-Titled-Tuesday-Blitz-September-26-2023"]
[Site "Chess.com"]
[Date "2023.09.26"]
[Round "7"]
[White "nOcHeaTiNgKiD"]
[Black "emeli_chess"]
[Result "1-0"]
[WhiteElo "2587"]
[BlackElo "2370"]
[TimeControl "180+1"]
[EndTime "15:15:08 PDT"]
[Termination "nOcHeaTiNgKiD won by resignation"]

1. d4 Nf6 2. Nf3 d5 3. Bf4 c5 4. e3 Nc6 5. Nbd2 cxd4 6. exd4 Bg4 7. c3 e6 8. Bd3 Bd6 9. Bxd6 Qxd6 10. h3 Bxf3 11.
Nxf3 O-O 12. O-O a6 13. a4 Rab8 14. a5 b5 15. axb6 Rxb6 16. b4 Ra8 17. Qe2 a5 18.
b5 Ne7 19. Ne5 Nd7 20. f4 f6 21. Ng4 a4 22. Kh1 a3 23. Ne3 Nf8 24. c4 dxc4 25. Nxc4 Qxd4 26. Nxb6 Qxb6 27. Bc4 Nd5 28. f5 Ne3 29. fxe6 Nxc4 30. Qxc4 Qxe6 31. Qb4 a2 32. b6 Rb8 33. b7 Qf7 34. Qa3 Qxb7 35. Rxa2 Nd7 36.
Qe7 Ne5 37. Qe6+ Qf7 38. Qa6 Re8 39. Re2 h6 40. Qb5 Re7 41. Qb8+ Kh7 42. Qb1+ Qg6 43. Qe1 Rc7 44. Qd2 Rc4 45. Ref2 Nd3 46. Rf3 Ne5 47. R3f2 Nd3 48. Rf3 Ne5 49. Rc3 Ra4 50. Qf2 Rb4 51. Rg3 Qe4 52. Re1 Qd5 53. Qf5+ Kg8 54.
Rc1 Rd4 55. Qxf6 Rd1+ 56. Rxd1 Qxd1+ 57. Kh2 Ng4+ 58. Rxg4 Qd6+ 59. Qxd6 1-0

[Event "Late-Titled-Tuesday-Blitz-September-26-2023"]
[Site "Chess.com"]
[Date "2023.09.26"]
[Round "7"]
[White "QuintilianoR"]
[Black "RCone"]
[Result "1/2-1/2"]
[WhiteElo "2664"]
[BlackElo "2435"]
[TimeControl "180+1"]
[EndTime "15:15:10 PDT"]
[Termination "Game drawn by repetition"]

1. e4 d6 2. d4 Nf6 3. Nc3 g6 4. g3 Bg7 5. Bg2 O-O 6. Nge2 e5 7. dxe5 dxe5 8. Qxd8 Rxd8 9. b3 c6 10.
Bb2 Na6 11. Rd1 Bg4 12. h3 Be6 13. a3 Nc5 14. O-O a5 15. f3 Nh5 16. Kf2 f5 17. g4 fxg4 18. hxg4 Nf4 19. Rxd8+ Rxd8 20. Rd1 Rxd1 21. Nxd1 a4 22. b4 Nd7 23. Bf1 Nxe2 24.
Bxe2 b5 25. Ne3 Nb6 26. Bd3 h5 27. gxh5 gxh5 28. Kg3 Bf6 29. Ng2 Kg7 30. Nh4 Kf7 31. Ng2 Bc4 32. Bc1 Be6 33. Be3 Nd7 34. Nh4 Kg7 35. Ng2 Kg6 36. Nh4+ Kf7 37. Ng2 Kg6 38. f4 exf4+ 39. Nxf4+ Kf7 40. Nxh5 Bb2 41. Nf4 Bxa3 42. c3 Bb2 43. Nxe6 Kxe6 44. c4 a3 45. cxb5 a2 46. Bc4+ Ke7 47. Bxa2 cxb5 48. Kf2 Bc3 49. Bc5+ Nxc5 50.
bxc5 Kd7 51. Bd5 Bd4+ 52. Ke2 Bxc5 53. Kd3 Kd6 54. Bb3 Ke5 55. Bd5 Bd4 56. Bb3 b4 57. Bd5 Bc3 58. Bb3 Bd4 59. Bd5 Bc3 60. Bb3 Kd6 61.
Bd5 Ke5 1/2-1/2

[Event "Late-Titled-Tuesday-Blitz-September-26-2023"]
[Site "Chess.com"]
[Date "2023.09.26"]
[Round "7"]
[White "Flawless_Fighter"]
[Black "MaxLeto"]
[Result "1-0"]
[WhiteElo "2768"]
[BlackElo "2503"]
[TimeControl "180+1"]
[EndTime "15:15:12 PDT"]
[Termination "Flawless_Fighter won by checkmate"]

1. g4 d5 2. h3 e5 3. Bg2 c6 4.
d3 Bd6 5. Nd2 h5 6. gxh5 Nf6 7.
c4 Be6 8. b3 Nbd7 9. Bb2 Qe7 10. Qc2 O-O-O 11. cxd5 Bxd5 12. Bxd5 Nxd5 13. O-O-O Nb4 14.
Qb1 Kb8 15. Ngf3 Rxh5 16. Nc4 Bc7 17. a3 Nd5 18. Qc2 f6 19. Kb1 Rdh8 20. h4 Nf4 21.
Rdg1 g5 22. e3 Ng6 23. Ncd2 Nxh4 24. Nxh4 Rxh4 25. Rxh4 gxh4 26. Qc4 Qh7 27. Ka2 h3 28.
Rh1 Qf5 29. Ne4 h2 30. Qc1 Qf3 31. Qf1 Nb6 32. Nd2 Qf5 33. Qg2 Qxd3 34. Ne4 Qd5 35. f3 f5 36. Nc3 Qd3 37. Rxh2 Rxh2 38. Qxh2 Qxe3 39. Qh8+ Nc8 40. Na4 b5 41. Nc3 Qxf3 42. Qe8 f4 43. Nb1 Qd5 44. Nc3 Qd2 45. Ne4 Qd5 46. Nf6 Qd2 47. Nd7+ Kb7 48. Nc5+ Kb6 49. Nd7+ Kb7 50. Nc5+ Kb6 51. Qxc8 Kxc5 52. Qxc7 e4 53. Qxa7+ Kd5 54. Qd7+ Kc5 55. Qxd2 e3 56. Qd4# 1-0

[Event "Late-Titled-Tuesday-Blitz-September-26-2023"]
[Site "Chess.com"]
[Date "2023.09.26"]
[Round "7"]
[White "sergoy"]
[Black "FairChess_on_YouTube"]
[Result "1/2-1/2"]
[WhiteElo "2956"]
[BlackElo "3086"]
[TimeControl "180+1"]
[EndTime "15:15:13 PDT"]
[Termination "Game drawn by repetition"]

1. d4 Nf6 2. c4 d6 3. Nf3 g6 4.
Nc3 Bf5 5. g3 Bg7 6. Qb3 Qc8 7.
Bg2 O-O 8. O-O Nc6 9. d5 Na5 10. Qa4 b6 11. Nd4 Bh3 12. Bf4 Bxg2 13. Kxg2 e5 14.
dxe6 fxe6 15. Nf3 Qb7 16. Rac1 Nc6 17. e4 Nh5 18. Be3 Bxc3 19. Rxc3 Rf6 20. Bg5 Rf7 21. Qd1 Nf6 22. Qe2 Ng4 23. Bf4 Nge5 24. Bxe5 dxe5 25. Rd3 Raf8 26. Rfd1 Qa6 27. b3 Nd4 28. Nxd4 Rxf2+ 29. Qxf2 Rxf2+ 30. Kxf2 exd4 31. Rxd4 Qxa2+ 32. Kf3 Qxb3+ 33. R1d3 Qc2 34. e5 c5 35. Rd7 Qxc4 36. Ke3 Qc1+ 37. Ke2 Qb2+ 38. Kf3 c4 39. R3d4 Qc3+ 40. Kg4 Qe3 41.
h4 Qxe5 42. Kh3 Qf5+ 43. Kh2 Qc2+ 44. Kh3 Qf5+ 45. Kh2 Qe5 46. Kh3 c3 47. Rc4 Qf5+ 48. Kg2 Qc2+ 49. Kh3 Qf5+ 50. Kg2 Qc2+ 51. Kh3 Qf5+ 1/2-1/2

[Event "Late-Titled-Tuesday-Blitz-September-26-2023"]
[Site "Chess.com"]
[Date "2023.09.26"]
[Round "7"]
[White "Roenko_Artur"]
[Black "lefonghua"]
[Result "0-1"]
[WhiteElo "2456"]
[BlackElo "2631"]
[TimeControl "180+1"]
[EndTime "15:15:13 PDT"]
[Termination "lefonghua won by resignation"]

1. e4 c5 2. c3 Nf6 3. e5 Nd5 4.
Bc4 Nb6 5. Bb3 d6 6. exd6 Qxd6 7. Nf3 Nc6 8. O-O Be6 9. Re1 Bxb3 10. axb3 e6 11. Na3 a6 12. Qe2 Be7 13. Nc2 O-O 14.
d4 cxd4 15. Ncxd4 Nxd4 16. Nxd4 Bf6 17. Be3 Nd5 18. Rad1 Nxe3 19. Qxe3 Qc7 20. g3 Rfd8 21. Nf3 g6 22. Qe4 Kg7 23. h4 h5 24. Kg2 Qb6 25. b4 a5 26. bxa5 Qxb2 27. Rb1 Qxc3 28. Rxb7 Kg8 29.
Qf4 Rxa5 30. Re3 Qc6 31. Rc7 Qd6 32. Qxd6 Rxd6 33. Rb3 Rf5 34. Rbb7 Bd8 35. Rc8 Kg7 36. Rbb8 Rfd5 37. Ra8 Rd7 38. Rab8 Bc7 39. Rg8+ Kf6 40.
Rbf8 Rd8 41. Rxd8 Rxd8 42. Rxd8 Bxd8 43. Ng5 Kg7 44. Ne4 Be7 45. Kf3 f5 46. Nd2 Kf6 47.
Nc4 e5 48. Ke2 Ke6 49. f3 Bc5 50. Nd2 Kd5 51. Nf1 Kc4 52. Nd2+ Kc3 53. Nf1 Kc2 54.
Nh2 Bg1 55. Nf1 Kc3 56. Ke1 Kd3 57. Kd1 Bf2 58. g4 hxg4 59. fxg4 Bxh4 60. gxf5 gxf5 61.
Nh2 e4 62. Nf1 f4 0-1

[Event "Late-Titled-Tuesday-Blitz-September-26-2023"]
[Site "Chess.com"]
[Date "2023.09.26"]
[Round "7"]
[White "acertijo08"]
[Black "Goryachkina"]
[Result "0-1"]
[WhiteElo "2405"]
[BlackElo "2669"]
[TimeControl "180+1"]
[EndTime "15:15:14 PDT"]
[Termination "Goryachkina won on time"]

1. e4 c6 2. d4 d5 3. Nd2 dxe4 4. Nxe4 Nf6 5. Nxf6+ exf6 6. c3 Bf5 7. Qb3 Qd7 8. Nf3 Bd6 9. Be2 O-O 10. O-O Re8 11. Be3 Qc7 12. Rfe1 Nd7 13. a4 Nf8 14. a5 a6 15. h3 Ng6 16. c4 Qd7 17. Bf1 Rad8 18.
Rad1 Bc7 19. Qc3 Be4 20. Nd2 Qd6 21. g3 Bf5 22. c5 Qd7 23. h4 Bg4 24. Rc1 f5 25. Nc4 f4 26. gxf4 Nxf4 27. Ne5 Bxe5 28. dxe5 Nd5 29. Qd2 Bf3 30. Qd4 Qf5 31. Kh2 h6 32. Bh3 Qh5 33. Rg1 Nxe3 34. Qxe3 Qxe5+ 35. Qxe5 Rxe5 36. Rg3 Bd5 37. Rcg1 g6 38. b4 Kg7 39. Bg4 h5 40. Bd1 Rde8 41. f4 Rf5 42. Rf1 Re4 43. Rgf3 Rxb4 44. R3f2 Bc4 45. Rg1 Rxc5 46. f5 Bd3 47. fxg6 Bxg6 48. Bf3 Rxa5 0-1

[Event "Late-Titled-Tuesday-Blitz-September-26-2023"]
[Site "Chess.com"]
[Date "2023.09.26"]
[Round "7"]
[White "NovikovaGalina"]
[Black "ferrufino64"]
[Result "1-0"]
[WhiteElo "2416"]
[BlackElo "2198"]
[TimeControl "180+1"]
[EndTime "15:15:14 PDT"]
[Termination "NovikovaGalina won by resignation"]

1. d4 d5 2. Nc3 e6 3. Bf4 Bd6 4.
e3 c6 5. Qd2 Nf6 6. f3 Qe7 7.
O-O-O e5 8. dxe5 Bxe5 9. Nge2 Bxf4 10. Nxf4 O-O 11. g4 b6 12. h4 Bb7 13. h5 Nbd7 14.
g5 Ne8 15. g6 fxg6 16. hxg6 h6 17. Bh3 Nc7 18. e4 Ne5 19. exd5 Nxf3 20. d6 Nxd2 21.
dxe7 Rxf4 22. Rxd2 Nd5 23. Be6+ Kh8 24. Nxd5 cxd5 25.
Bd7 Re4 26. e8=Q+ Raxe8 27. Bxe8 Rxe8 28. Rf1 Kg8 29. Rdf2 d4 30. Rf7 Be4 31. Rxa7 Bxg6 32. Rg1 Re6 33. a4 h5 34. Ra6 Rc6 35. Rg2 Be4 36. Rh2 Bf3 37. a5 g5 38. axb6 Rc5 39. Rf2 g4 40. Rxf3 gxf3 41. b7 f2 42. Ra8+ Kf7 43.
Rf8+ Kxf8 44. b8=Q+ Ke7 45. Qf4 d3 46. Qe3+ Kd6 47.
Qxd3+ Rd5 48. Qg3+ Ke6 49. Qxf2 Rf5 50. Qe3+ Re5 51.
Qh6+ Kd5 52. b3 Kd4 53. Kb2 Kc5 54. Qd2 Rd5 55. Qc3+ Kd6 56. Qh3 Ke5 57. c4 Rd2+ 58. Kc3 Rf2 59. Qxh5+ Ke4 60. Qh4+ Ke3 61. Qxf2+ Kxf2 62. c5 Ke3 63. c6 1-0

[Event "Late-Titled-Tuesday-Blitz-September-26-2023"]
[Site "Chess.com"]
[Date "2023.09.26"]
[Round "7"]
[White "rasmussvane"]
[Black "ArtemDyachuk"]
[Result "0-1"]
[WhiteElo "2962"]
[BlackElo "2707"]
[TimeControl "180+1"]
[EndTime "15:15:16 PDT"]
[Termination "ArtemDyachuk won by checkmate"]

1. Nf3 Nf6 2. g3 b5 3. Bg2 Bb7 4. d4 e6 5. Bg5 c5 6. O-O cxd4 7. Nxd4 Bxg2 8. Kxg2 a6 9. e4 Be7 10. Qf3 Ra7 11. e5 Nd5 12. Bxe7 Nxe7 13. Nc3 O-O 14.
Ne4 Nbc6 15. Nxc6 Nxc6 16. Qh5 Qc7 17. f4 Nd4 18. Rac1 Nf5 19. Kh3 Qc4 20. Rfe1 Qxa2 21. g4 Ne7 22. f5 Nd5 23. Kg3 Qxb2 24. f6 g6 25. Qg5 h6 26. Qxh6 Qxe5+ 27. Kg2 Nxf6 28.
Nf2 Qd4 29. Re3 Nxg4 30. Nxg4 Qxg4+ 31. Kh1 Qd4 32. Rce1 a5 33. Rh3 Qg7 34. Qe3 Rfa8 35. Rg1 a4 36. Rg4 a3 37. Rgh4 a2 38. Rh8+ Qxh8 39.
Rxh8+ Kxh8 40. Qe5+ Kg8 41. Qa1 b4 42. Kg2 d5 43. h4 Ra3 44. h5 gxh5 45. Kh2 Kh7 46. c4 b3 47. cxd5 b2 48. Qxb2 a1=Q 49. Qc2+ f5 50. Qc7+ Qg7 51. Qc2 Ra2 52. Kh1 Ra1+ 53.
Kh2 R1a2 54. Kh3 Rxc2 55. dxe6 Qg4# 0-1

[Event "Late-Titled-Tuesday-Blitz-September-26-2023"]
[Site "Chess.com"]
[Date "2023.09.26"]
[Round "7"]
[White "Polish_fighter3000"]
[Black "Beca95"]
[Result "1-0"]
[WhiteElo "3086"]
[BlackElo "2925"]
[TimeControl "180+1"]
[EndTime "15:15:19 PDT"]
[Termination "Polish_fighter3000 won by resignation"]

1. e4 c5 2. Nf3 d6 3. d4 cxd4 4.
Nxd4 Nf6 5. Nc3 a6 6. f3 e5 7. Nb3 Be6 8. Be3 h5 9. Nd5 Bxd5 10. exd5 Nbd7 11. Be2 Be7 12. Qd2 Qc7 13. c4 a5 14.
Rc1 a4 15. Na1 Qa5 16. Nc2 h4 17. Na3 Bd8 18. Nb5 Qxd2+ 19. Kxd2 Ba5+ 20. Kc2 Ke7 21. Rcd1 Bb6 22. Bg5 Rh5 23. Bc1 Rhh8 24. Rhe1 Bf2 25. Rf1 Bb6 26. Kb1 Nh5 27. Bg5+ f6 28. Bc1 f5 29. Bg5+ Nhf6 30. Bd3 g6 31. Bc2 Ra5 32. Rh1 Bc5 33. g4 hxg3 34. hxg3 Raa8 35. g4 fxg4 36. fxg4 Kf7 37. Rhf1 Kg7 38. Nc7 Nh7 39. Ne6+ Kg8 40. Bh6 Nhf8 41. g5 Re8 42. Be4 Nxe6 43. dxe6 Nf8 44.
Rf6 Rxh6 45. gxh6 Kh7 46. e7 Nd7 47. Bxg6+ Kxh6 48. Bxe8+ Nxf6 49. Bxa4 d5 50. e8=Q Nxe8 51. Bxe8 dxc4 52. Bf7 Kg5 53. Bxc4 Kf4 54. Bd5 e4 55. Rf1+ Ke5 56. Bxb7 e3 57. Ba6 e2 58. Bxe2 1-0

[Event "Late-Titled-Tuesday-Blitz-September-26-2023"]
[Site "Chess.com"]
[Date "2023.09.26"]
[Round "7"]
[White "Iball95"]
[Black "fyall777"]
[Result "1/2-1/2"]
[WhiteElo "2748"]
[BlackElo "2585"]
[TimeControl "180+1"]
[EndTime "15:15:21 PDT"]
[Termination "Game drawn - insufficient material"]

1. e4 d6 2. d4 e5 3. Nf3 exd4 4. Nxd4 Nf6 5. Nc3 Be7 6. Bf4 O-O 7. Qd2 d5 8. O-O-O c5 9. Ndb5 d4 10. e5 Nh5 11. Ne4 Nxf4 12. Qxf4 Nc6 13. Kb1 Be6 14. Nbd6 Qa5 15. Bc4 Bxd6 16. Nxd6 Bxc4 17. Nxc4 Qc7 18. Rhe1 Rae8 19. Re4 Re6 20. Rde1 f6 21. Qf5 Re7 22.
e6 b5 23. Nd2 Qd6 24. f4 a6 25. h4 g6 26. Qh3 f5 27. R4e2 Rfe8 28. h5 Rxe6 29.
Rxe6 Rxe6 30. Rh1 Qxf4 31. hxg6 h6 32. Nf3 Rxg6 33. a3 c4 34. Nh4 Rf6 35. g3 Qe4 36. Rf1 d3 37. cxd3 cxd3 38. Ka1 d2 39. Rd1 Qe1 40.
Qf1 Re6 41. Nf3 Qxf1 42. Rxf1 Re2 43. Rd1 Nd4 44. Nxd4 Re1 45. Kb1 Rxd1+ 46. Kc2 Rg1 47. Kxd2 Rxg3 48. Nxf5 Rb3 49. Nxh6+ Kh7 50. Ng4 Rxb2+ 51.
Kc3 Ra2 52. Kb3 Re2 53. Nf6+ Kg6 54. Nd5 Re4 55. Nc7 Ra4 56. Nd5 Rd4 57. Nc7 Rd6 58.
Kb4 Kf5 59. Ka5 Rd3 60. Nxa6 Rxa3+ 61. Kxb5 Rxa6 62. Kxa6 1/2-1/2

[Event "Late-Titled-Tuesday-Blitz-September-26-2023"]
[Site "Chess.com"]
[Date "2023.09.26"]
[Round "7"]
[White "Byniolus"]
[Black "ChadBiryani"]
[Result "1-0"]
[WhiteElo "2765"]
[BlackElo "2500"]
[TimeControl "180+1"]
[EndTime "15:15:21 PDT"]
[Termination "Byniolus won on time"]

1. d3 d5 2. g3 g6 3. e3 Bg7 4. c3 e5 5. f3 Ne7 6. b3 O-O 7. h3 c5 8. a3 Nbc6 9. Ne2 f5 10. Bg2 Be6 11. O-O Rc8 12. Kh2 h6 13. b4 b6 14.
Nd2 Qc7 15. Rb1 d4 16. exd4 exd4 17. c4 g5 18. f4 Ng6 19. Nf3 g4 20. hxg4 fxg4 21.
Nd2 Nce7 22. bxc5 Nf5 23. cxb6 axb6 24. Ne4 h5 25. Ng5 Bd7 26. Qb3 Bf6 27. c5+ Kg7 28.
cxb6 Qc2 29. Qxc2 Rxc2 30. Rb2 Rxb2 31. Bxb2 h4 32. Rc1 hxg3+ 33. Kg1 Rb8 34. b7 Nf8 35.
Ne4 Kf7 36. a4 Rxb7 37. Ng5+ Bxg5 38. Bxb7 Bf6 39. a5 Bb5 40. a6 Bxd3 41. a7 Bxe2 42.
a8=Q Ne6 43. Bd5 Ng7 44. Be4 d3 45. Bxf6 Kxf6 46. Qa1+ Kf7 47. Qa5 d2 48. Qxd2 Bf3 49. f5 Bxe4 50. fxe6+ Nxe6 51. Qd6 Bf3 52. Qxg3 Ng5 53.
Rc7+ Kf6 54. Kf1 Ne4 55. Qf4+ Ke6 56. Rh7 Kd5 57. Rh5+ Kd4 58. Re5 1-0

[Event "Late-Titled-Tuesday-Blitz-September-26-2023"]
[Site "Chess.com"]
[Date "2023.09.26"]
[Round "7"]
[White "Cambek64"]
[Black "esrosenberg"]
[Result "1/2-1/2"]
[WhiteElo "2462"]
[BlackElo "2370"]
[TimeControl "180+1"]
[EndTime "15:15:22 PDT"]
[Termination "Game drawn by repetition"]

1. b3 e5 2. Bb2 Nc6 3. e3 d5 4.
Bb5 Ne7 5. Nf3 f6 6. d4 e4 7. Ng1 Nf5 8. Bf1 Nce7 9. c4 c6 10.
Qd2 g6 11. a4 Bh6 12. a5 O-O 13. h4 Be6 14. Nc3 Rc8 15. g3 c5 16. dxc5 Rxc5 17.
Ba3 Rxa5 18. b4 Rxa3 19. Rxa3 d4 20. Nxe4 dxe3 21. Qxd8 exf2+ 22. Kxf2 Rxd8 23. Nxf6+ Kg7 24. Ng4 Bc1 25. Rd3 Rf8 26. Rf3 Nc6 27. Kg2 Ncd4 28.
Rc3 Bd2 29. Rd3 Bxb4 30. Ne2 Bxc4 31. Rxd4 Nxd4 32. Nxd4 Bd5+ 33. Kg1 Bc5 34. Kh2 Bxd4 35. Bg2 Be6 36. Rd1 Bxg4 37. Rxd4 Bf3 38. Rd7+ Kh6 39. Bxf3 Rxf3 40. Rxb7 Ra3 41. g4 a5 42. Ra7 a4 43.
Rb7 Rb3 44. Ra7 a3 45. Kg2 Rb2+ 46. Kg3 Rb3+ 47. Kf4 Rb4+ 48. Kg3 Rb3+ 49. Kf4 Rb4+ 50. Kf3 Rb3+ 51. Ke4 Rb4+ 52. Kf3 Rb3+ 53. Kg2 Rb2+ 54.
Kg3 Rb3+ 1/2-1/2

[Event "Late-Titled-Tuesday-Blitz-September-26-2023"]
[Site "Chess.com"]
[Date "2023.09.26"]
[Round "7"]
[White "DonkyDonkyDonkey"]
[Black "Orest_Vovk"]
[Result "1-0"]
[WhiteElo "2743"]
[BlackElo "2577"]
[TimeControl "180+1"]
[EndTime "15:15:27 PDT"]
[Termination "DonkyDonkyDonkey won by checkmate"]

1. d4 h6 2. e4 g5 3. Nc3 Bg7 4. h4 c5 5. dxc5 Bxc3+ 6. bxc3 Qa5 7. hxg5 hxg5 8. Rxh8 Qxc3+ 9. Bd2 Qxh8 10. Bxg5 Qc3+ 11.
Bd2 Qxc5 12. Bd3 Nc6 13. Qg4 Nf6 14. Qh4 Qh5 15. Qxh5 Nxh5 16. g4 Ng7 17. f4 Ne6 18. Be3 d6 19. f5 Nc5 20. Nf3 Nxd3+ 21. cxd3 f6 22. Kf2 Ne5 23. Nxe5 dxe5 24. g5 fxg5 25. Bxg5 e6 26. f6 Kf7 27. Rc1 Kg6 28. Bh4 Bd7 29.
Rc7 Kh5 30. Bg3 Bb5 31. Bxe5 Bxd3 32. f7 Bxe4 33. Bd6 Bd5 34. a3 b5 35. f8=Q Rxf8+ 36. Bxf8 a5 37. Ra7 a4 38. Ke3 Bc4 39. Kd4 Kg4 40.
Ke5 Kf3 41. Bb4 Ke3 42. Rd7 Ke2 43. Rd2+ Ke3 44. Rh2 Kd3 45. Rh3+ Kc2 46. Kd4 Bd5 47.
Rh2+ Kb3 48. Rd2 Bc4 49. Ke3 Bd5 50. Rd4 Bc4 51. Kd2 Bd5 52. Rg4 Bc4 53. Rg1 Kb2 54. Re1 Bd5 55. Re3 Bc4 56. Bc5 Bd5 57. Bd4+ Ka2 58.
Kc1 Bb3 59. Bb2 Bc4 60. Kc2 Bb3+ 61. Kc3 Bc4 62. Re1 b4+ 63. axb4 a3 64. Ra1# 1-0

[Event "Late-Titled-Tuesday-Blitz-September-26-2023"]
[Site "Chess.com"]
[Date "2023.09.26"]
[Round "7"]
[White "IMRosen"]
[Black "JoakimVonAnd"]
[Result "0-1"]
[WhiteElo "2564"]
[BlackElo "2733"]
[TimeControl "180+1"]
[EndTime "15:15:28 PDT"]
[Termination "JoakimVonAnd won by checkmate"]

1. d4 Nf6 2. Bf4 c5 3. e3 Nd5 4. Bg3 Qb6 5. b3 cxd4 6. exd4 e6 7. c3 Be7 8. Nf3 O-O 9. Bd3 f5 10.
h3 Nc6 11. O-O Qd8 12. Qe2 b6 13. Rc1 Bb7 14. Nbd2 Rc8 15. Nc4 f4 16. Bh2 b5 17.
Nce5 Nxe5 18. Nxe5 Nxc3 19. Qh5 Ne4 20. Bxb5 Rxc1+ 21. Rxc1 d6 22. Nf3 Qa5 23. a4 a6 24. b4 Qxb4 25. Bd3 Qa3 26. Rd1 Nf6 27. Qh4 Qb3 28.
Be2 Be4 29. Qxf4 Bc2 30. Rc1 Nd5 31. Qd2 Bg6 32. a5 Qa3 33. Re1 Bf6 34. Bf1 Qb4 35.
Qxb4 Nxb4 36. Rxe6 Nc6 37. Rxd6 Nxa5 38. Rxa6 Nb3 39.
Bc4+ Bf7 40. Bxf7+ Kxf7 41. Ra7+ Ke6 42. Be5 Rc8 43. Bxf6 Kxf6 44. Rb7 Rc3 45. Rb6+ Ke7 46. Rb7+ Kf6 47. d5 Rd3 48. d6 Nc5 49. Rb6 Nd7 50. Kf1 Nxb6 51. Ke2 Rxd6 52. g4 Nd5 53. h4 Nf4+ 54. Ke3 Ne6 55. g5+ Kf5 56. Ng1 Ra6 57. Kf3 Ra3+ 58. Kg2 Nf4+ 59. Kh2 Kg4 60. f3+ Kxh4 61. Kh1 Kg3 62. g6 hxg6 63. Ne2+ Nxe2 64.
f4 Nxf4 65. Kg1 Ra1# 0-1

[Event "Late-Titled-Tuesday-Blitz-September-26-2023"]
[Site "Chess.com"]
[Date "2023.09.26"]
[Round "7"]
[White "platy3"]
[Black "VincentKeymer"]
[Result "1-0"]
[WhiteElo "2888"]
[BlackElo "3025"]
[TimeControl "180+1"]
[EndTime "15:15:31 PDT"]
[Termination "platy3 won on time"]

1. e4 c6 2. d3 d5 3. Nd2 e5 4.
Ngf3 Bd6 5. g3 Nf6 6. Bg2 O-O 7. O-O Re8 8. Re1 Nbd7 9. b3 h6 10. Bb2 d4 11. a4 Nf8 12. Nc4 Bc7 13. c3 c5 14. b4 b6 15. cxd4 cxd4 16. Nfd2 Ng6 17. Rc1 Be6 18. b5 Rc8 19. Ba3 h5 20. Nf3 Bb8 21. Nfd2 h4 22. a5 Nh7 23. axb6 axb6 24. Qh5 Bc7 25. Nf3 Qd7 26. Ng5 Nxg5 27. Qxg5 h3 28. Bf1 Qxb5 29. f4 Bd8 30. Qh5 Bxc4 31. dxc4 Qa4 32. Bd6 Bc7 33. f5 Bxd6 34. fxg6 fxg6 35.
Qxg6 Qd7 36. Qh5 Ra8 37. Bxh3 Qf7 38. Qe2 Bc5 39. Kh1 g6 40. Rf1 Qe7 41. Rf3 Rf8 42. Rcf1 Rxf3 43. Qxf3 Kg7 44. Qg4 d3 45. Qf3 Rd8 46.
Rd1 d2 47. Qe2 Qg5 48. Bg2 Qe3 49. Qxe3 Bxe3 50. Bf3 Rd3 51. Kg2 Rd4 52. Be2 Bh6 53. Kf3 Kf7 54. Rb1 Rd6 55. Bd1 Ke7 56. Ke2 Kd7 57.
Rb5 Ke6 58. Rd5 Rc6 59. Bb3 Kf6 60. Rd7 Rc5 61. Rh7 Bg5 62. h4 1-0